| TOP OF THE 1ST |
|
Rome Braves batting - Pitching for Williamsport Crosscutters : RHP Chris Leavitt
|
|
Pitching: RHP Chris Leavitt
|
|
|
Batting: RHB Rafael Reyes
|
0-0: Called Strike 0-1: Called Strike 0-2: Strikes out swinging
|
|
Batting: RHB Dave Pizarro
|
0-0: Foul Ball, location: 2F 0-1: Swinging Strike 0-2: Ball 1-2: Ball 2-2: Strikes out swinging
|
|
Batting: LHB Ricardo Sandoval
|
0-0: Ball 1-0: Ball 2-0: Foul Ball, location: 2F 2-1: Foul Ball, location: 2F 2-2: Ball 3-2: Ground out 1-3 (Groundball, 15S, EV 68.8 MPH)
|
| Top of the 1st over - 0 runs, 0 hits, 0 errors, 0 left on base; Rome 0 - Williamsport 0 |
| BOTTOM OF THE 1ST |
|
Williamsport Crosscutters batting - Pitching for Rome Braves : LHP Jordan Ruiz
|
|
Pitching: LHP Jordan Ruiz
|
|
|
Batting: RHB Jason Ostrom
|
0-0: Ball 1-0: Foul Ball, location: 2F 1-1: Called Strike 1-2: Foul Ball, location: 2F 1-2: Foul Ball, location: 2F 1-2: Ball 2-2: SINGLE (Groundball, 6MD, EV 93.8 MPH)
|
|
Batting: SHB Art Kent
|
0-0: Ball 1-0: Swinging Strike 1-1: Ball 2-1: Foul Ball, location: 2F 2-2: Ball Jason Ostrom steals 2nd, throwing error, E2 Jason Ostrom to third 3-2: SINGLE (Line Drive, 4D, EV 96.9 MPH) Jason Ostrom scores
|
|
Batting: RHB John Manocchio
|
0-0: Ball 1-0: Fly out, F8 (Flyball, 89M, EV 73.1 MPH)
|
|
Batting: RHB John Parra
|
0-0: Ball 1-0: Called Strike 1-1: Ball 2-1: Ball 3-1: Base on Balls Art Kent to second
|
|
Batting: RHB Shintaro Katsumata
|
0-0: Swinging Strike 0-1: Ball 1-1: Ball 2-1: Swinging Strike 2-2: Strikes out swinging
|
|
Batting: LHB Chris Moody
|
0-0: Called Strike 0-1: Swinging Strike 0-2: Foul Ball, location: 2F 0-2: Ball 1-2: Ball 2-2: Ball 3-2: Strikes out swinging
|
| Bottom of the 1st over - 1 run, 2 hits, 1 error, 2 left on base; Rome 0 - Williamsport 1 |
| TOP OF THE 2ND |
|
Rome Braves batting - Pitching for Williamsport Crosscutters : RHP Chris Leavitt
|
|
Batting: LHB Tamaichi Sasada
|
0-0: Ground out 5-3 (Groundball, 5, EV 87.5 MPH)
|
|
Batting: RHB Manny Hensley
|
0-0: Called Strike 0-1: Ball 1-1: SINGLE (Flyball, 56D, EV 95.0 MPH)
|
|
Batting: RHB Alex Campos
|
Pickoff Throw to First - Out! 1-3 0-0: Called Strike 0-1: Swinging Strike 0-2: Foul Ball, location: 2F 0-2: Strikes out swinging
|
| Top of the 2nd over - 0 runs, 1 hit, 0 errors, 0 left on base; Rome 0 - Williamsport 1 |
| BOTTOM OF THE 2ND |
|
Williamsport Crosscutters batting - Pitching for Rome Braves : LHP Jordan Ruiz
|
|
Batting: RHB Pete Deschamps
|
0-0: Called Strike 0-1: Ball 1-1: Ball 2-1: Called Strike 2-2: Ball 3-2: TRIPLE (Flyball, 78XD, EV 93.1 MPH)
|
|
Batting: RHB Nick Cottrell
|
0-0: Ball 1-0: Foul Ball, location: 2F 1-1: Ball 2-1: Foul Ball, location: 2F 2-2: Ball Wild Pitch! Pete Deschamps scores 3-2: Base on Balls
|
|
Batting: RHB Salvador Avina
|
0-0: Ball 1-0: Foul Ball, location: 2F 1-1: Ball 2-1: Foul Ball, location: 2F 2-2: Ball 3-2: Base on Balls Nick Cottrell to second
|
|
Batting: RHB Jason Ostrom
|
0-0: Ball 1-0: Ball 2-0: Called Strike 2-1: Ball Wild Pitch! Nick Cottrell to third Salvador Avina to second 3-1: 3-RUN HOME RUN (Flyball, 7LD, EV 92.5 MPH), Distance : 349 ft
|
|
Batting: SHB Art Kent
|
0-0: Swinging Strike 0-1: Foul Ball, location: 2F 0-2: Foul Ball, location: 2F 0-2: Ball 1-2: Strikes out swinging
|
|
Batting: RHB John Manocchio
|
0-0: Called Strike 0-1: Called Strike 0-2: Ball 1-2: Ball 2-2: Fly out, F9 (Flyball, 89M, EV 95.0 MPH)
|
|
Batting: RHB John Parra
|
0-0: Ball 1-0: Ground out U3 (Groundball, 13, EV 82.5 MPH)
|
| Bottom of the 2nd over - 4 runs, 2 hits, 0 errors, 0 left on base; Rome 0 - Williamsport 5 |
| TOP OF THE 3RD |
|
Rome Braves batting - Pitching for Williamsport Crosscutters : RHP Chris Leavitt
|
|
Batting: RHB Tetsuro Sato
|
0-0: Ball 1-0: Fly out, F4 (Popup, 3D, EV 55.0 MPH)
|
|
Batting: RHB Mike Bergin
|
0-0: Ball 1-0: Called Strike 1-1: Foul Ball, location: 2F 1-2: Strikes out looking
|
|
Batting: RHB Gabe Allen
|
0-0: Called Strike 0-1: SOLO HOME RUN (Flyball, 78XD, EV 104.4 MPH), Distance : 400 ft
|
|
Batting: RHB Rafael Reyes
|
0-0: Foul Ball, location: 2F 0-1: Ball 1-1: SOLO HOME RUN (Flyball, 9D, EV 98.1 MPH), Distance : 377 ft
|
|
Batting: RHB Dave Pizarro
|
0-0: Called Strike 0-1: Ball 1-1: Ball 2-1: Called Strike 2-2: TRIPLE (Flyball, 9D, EV 110.0 MPH)
|
|
Batting: LHB Ricardo Sandoval
|
0-0: Ball 1-0: Called Strike 1-1: Ball 2-1: Foul Ball, location: 2F 2-2: Foul Ball, location: 2F 2-2: Ball 3-2: Foul Ball, location: 2F 3-2: SINGLE (Line Drive, 7S, EV 107.5 MPH) Dave Pizarro scores
|
|
Batting: LHB Tamaichi Sasada
|
0-0: Ball Ricardo Sandoval steals 2nd, throwing error, E2 Ricardo Sandoval to third 1-0: Swinging Strike 1-1: Ball 2-1: Called Strike 2-2: Foul Ball, location: 2F 2-2: Strikes out looking
|
| Top of the 3rd over - 3 runs, 4 hits, 1 error, 1 left on base; Rome 3 - Williamsport 5 |
| BOTTOM OF THE 3RD |
|
Williamsport Crosscutters batting - Pitching for Rome Braves : LHP Jordan Ruiz
|
|
Batting: RHB Shintaro Katsumata
|
0-0: Ball 1-0: Ball 2-0: Called Strike 2-1: SINGLE (Line Drive, 7S, EV 103.1 MPH)
|
|
Batting: LHB Chris Moody
|
0-0: Called Strike Shintaro Katsumata steals 2nd base 0-1: Foul Ball, location: 2F 0-2: Foul Ball, location: 2F 0-2: Foul Ball, location: 2F 0-2: Ball 1-2: Ball 2-2: Ball Wild Pitch! Shintaro Katsumata to third 3-2: Ground out 1-3 (Groundball, 15S, EV 77.5 MPH)
|
|
Batting: RHB Pete Deschamps
|
0-0: Ball 1-0: Called Strike 1-1: Called Strike 1-2: Strikes out swinging
|
|
Batting: RHB Nick Cottrell
|
0-0: Ball 1-0: Ball 2-0: Foul Ball, location: 2F 2-1: Swinging Strike 2-2: Strikes out looking
|
| Bottom of the 3rd over - 0 runs, 1 hit, 0 errors, 1 left on base; Rome 3 - Williamsport 5 |
| TOP OF THE 4TH |
|
Rome Braves batting - Pitching for Williamsport Crosscutters : RHP Chris Leavitt
|
|
Batting: RHB Manny Hensley
|
0-0: Ground out 5-3 (Groundball, 56, EV 103.1 MPH)
|
|
Batting: RHB Alex Campos
|
0-0: Ball 1-0: Called Strike 1-1: Foul Ball, location: 2F 1-2: Strikes out swinging
|
|
Batting: RHB Tetsuro Sato
|
0-0: Ball 1-0: Foul Ball, location: 2F 1-1: Called Strike 1-2: Ball 2-2: Strikes out swinging
|
| Top of the 4th over - 0 runs, 0 hits, 0 errors, 0 left on base; Rome 3 - Williamsport 5 |
| BOTTOM OF THE 4TH |
|
Williamsport Crosscutters batting - Pitching for Rome Braves : LHP Jordan Ruiz
|
|
Batting: RHB Salvador Avina
|
0-0: Swinging Strike 0-1: Ball 1-1: Foul Ball, location: 2F 1-2: Ground out 5-3 (Groundball, 56, EV 88.8 MPH)
|
|
Batting: RHB Jason Ostrom
|
0-0: Ball 1-0: Foul Ball, location: 2F 1-1: Called Strike 1-2: Ball 2-2: Foul Ball, location: 2F 2-2: Foul Ball, location: 2F 2-2: Strikes out looking
|
|
Batting: SHB Art Kent
|
0-0: Ball 1-0: Ball 2-0: Swinging Strike 2-1: Swinging Strike 2-2: Foul Ball, location: 2F 2-2: Foul Ball, location: 2F 2-2: Ball 3-2: Foul Ball, location: 2F 3-2: Strikes out swinging
|
| Bottom of the 4th over - 0 runs, 0 hits, 0 errors, 0 left on base; Rome 3 - Williamsport 5 |
| TOP OF THE 5TH |
|
Rome Braves batting - Pitching for Williamsport Crosscutters : RHP Chris Leavitt
|
|
Batting: RHB Mike Bergin
|
0-0: Foul Ball, location: 2F 0-1: Foul Ball, location: 2F 0-2: Strikes out looking
|
|
Batting: RHB Gabe Allen
|
0-0: Called Strike 0-1: Ball 1-1: SINGLE (Groundball, 5S, EV 70.0 MPH) (infield hit)
|
|
Batting: RHB Rafael Reyes
|
0-0: Ball 1-0: Ball 2-0: Called Strike 2-1: Foul Ball, location: 2F 2-2: Ball 3-2: Strikes out swinging
|
|
Batting: RHB Dave Pizarro
|
0-0: Ball 1-0: Called Strike 1-1: Ball 2-1: Swinging Strike 2-2: Fly out, F9 (Flyball, 89S, EV 93.1 MPH)
|
| Top of the 5th over - 0 runs, 1 hit, 0 errors, 1 left on base; Rome 3 - Williamsport 5 |
| BOTTOM OF THE 5TH |
|
Williamsport Crosscutters batting - Pitching for Rome Braves : LHP Jordan Ruiz
|
|
Pitching: RHP Tyler Duffy
|
|
|
Batting: RHB John Manocchio
|
0-0: Ball 1-0: Fly out, F7 (Flyball, 7S, EV 81.9 MPH)
|
|
Batting: RHB John Parra
|
0-0: Called Strike 0-1: Called Strike 0-2: Ball 1-2: Ground out 5-3 (Groundball, 56S, EV 83.8 MPH)
|
|
Batting: RHB Shintaro Katsumata
|
0-0: Ball 1-0: Swinging Strike 1-1: Foul Ball, location: 2F 1-2: Foul Ball, location: 2F 1-2: Ball 2-2: Ball 3-2: Foul Ball, location: 2F 3-2: SINGLE (Flyball, 8LS, EV 94.4 MPH)
|
|
Batting: LHB Chris Moody
|
0-0: Foul Ball, location: 2F 0-1: Called Strike 0-2: Strikes out swinging
|
| Bottom of the 5th over - 0 runs, 1 hit, 0 errors, 1 left on base; Rome 3 - Williamsport 5 |
| TOP OF THE 6TH |
|
Rome Braves batting - Pitching for Williamsport Crosscutters : RHP Chris Leavitt
|
|
Batting: LHB Ricardo Sandoval
|
0-0: Called Strike 0-1: Fly out, F9 (Flyball, 89M, EV 90.6 MPH)
|
|
Batting: LHB Tamaichi Sasada
|
0-0: Ball 1-0: DOUBLE (Groundball, 3L, EV 105.6 MPH)
|
|
Batting: RHB Manny Hensley
|
0-0: Called Strike 0-1: Foul Ball, location: 2F 0-2: Ball 1-2: Strikes out looking
|
|
Batting: RHB Alex Campos
|
0-0: Foul Ball, location: 2F 0-1: Ball 1-1: Foul Ball, location: 2F 1-2: Hit by Pitch
|
|
Pitching: RHP David Deon
|
|
|
Batting: RHB Tetsuro Sato
|
0-0: Ball 1-0: Called Strike 1-1: Swinging Strike 1-2: Ball 2-2: Ball 3-2: Foul Ball, location: 2F 3-2: Strikes out swinging
|
| Top of the 6th over - 0 runs, 1 hit, 0 errors, 2 left on base; Rome 3 - Williamsport 5 |
| BOTTOM OF THE 6TH |
|
Williamsport Crosscutters batting - Pitching for Rome Braves : RHP Tyler Duffy
|
|
Batting: RHB Pete Deschamps
|
0-0: Called Strike 0-1: Fly out, F9 (Flyball, 9, EV 88.1 MPH)
|
|
Batting: RHB Nick Cottrell
|
0-0: Ball 1-0: Swinging Strike 1-1: Ball 2-1: Foul Ball, location: 2F 2-2: Foul Ball, location: 2F 2-2: Foul Ball, location: 2F 2-2: Strikes out looking
|
|
Batting: RHB Salvador Avina
|
0-0: Ball 1-0: Ball 2-0: SINGLE (Flyball, 4D, EV 98.1 MPH)
|
|
Batting: RHB Jason Ostrom
|
0-0: Ball 1-0: Called Strike 1-1: SINGLE (Groundball, 6D, EV 101.9 MPH) Salvador Avina to second
|
|
Pitching: RHP Seriozha Darzinsh
|
|
|
Batting: SHB Art Kent
|
0-0: Called Strike 0-1: Foul Ball, location: 2F 0-2: Fielders Choice at 2nd, U4 (Groundball, 4M, EV 105.6 MPH)
|
| Bottom of the 6th over - 0 runs, 2 hits, 0 errors, 2 left on base; Rome 3 - Williamsport 5 |
| TOP OF THE 7TH |
|
Rome Braves batting - Pitching for Williamsport Crosscutters : RHP David Deon
|
|
Batting: RHB Mike Bergin
|
0-0: Called Strike 0-1: Ball 1-1: Swinging Strike 1-2: Strikes out swinging
|
|
Batting: RHB Gabe Allen
|
0-0: Ball 1-0: Ball 2-0: Swinging Strike 2-1: Foul Ball, location: 2F 2-2: Ground out 2-3 (Groundball, 2L, EV 71.9 MPH)
|
|
Batting: RHB Rafael Reyes
|
0-0: Ball 1-0: DOUBLE (Groundball, 5L, EV 105.6 MPH)
|
|
Batting: RHB Dave Pizarro
|
0-0: Ball Wild Pitch! Rafael Reyes to third 1-0: Ball 2-0: Ball 3-0: Base on Balls
|
|
Batting: LHB Ricardo Sandoval
|
0-0: Called Strike 0-1: Foul Ball, location: 2F 0-2: Strikes out swinging
|
| Top of the 7th over - 0 runs, 1 hit, 0 errors, 2 left on base; Rome 3 - Williamsport 5 |
| BOTTOM OF THE 7TH |
|
Williamsport Crosscutters batting - Pitching for Rome Braves : RHP Seriozha Darzinsh
|
|
Batting: RHB John Manocchio
|
0-0: Ball 1-0: Ball 2-0: DOUBLE (Line Drive, 9LM, EV 111.2 MPH)
|
|
Batting: RHB John Parra
|
0-0: Ball 1-0: Swinging Strike 1-1: Ball 2-1: Ball 3-1: Swinging Strike 3-2: Base on Balls
|
|
Batting: RHB Shintaro Katsumata
|
0-0: Fielders Choice at 2nd, 6-4 (Groundball, 6, EV 77.5 MPH) John Manocchio to third
|
|
Batting: LHB Chris Moody
|
0-0: Called Strike Shintaro Katsumata steals 2nd base 0-1: Swinging Strike 0-2: Foul Ball, location: 2F 0-2: Ball 1-2: Foul Ball, location: 2F 1-2: Strikes out swinging
|
|
Batting: RHB Pete Deschamps
|
0-0: Ball 1-0: Ball Wild Pitch! John Manocchio scores Shintaro Katsumata to third 2-0: Ball 3-0: Base on Balls
|
|
Batting: RHB Nick Cottrell
|
0-0: Called Strike 0-1: Foul Ball, location: 2F 0-2: Foul Ball, location: 2F 0-2: Strikes out swinging
|
| Bottom of the 7th over - 1 run, 1 hit, 0 errors, 2 left on base; Rome 3 - Williamsport 6 |
| TOP OF THE 8TH |
|
Rome Braves batting - Pitching for Williamsport Crosscutters : RHP David Deon
|
|
Batting: LHB Tamaichi Sasada
|
0-0: Foul Ball, location: 2F 0-1: Called Strike 0-2: Ball 1-2: Ball 2-2: Ball 3-2: Strikes out looking
|
|
Batting: RHB Manny Hensley
|
0-0: Ball 1-0: Called Strike 1-1: SOLO HOME RUN (Flyball, 7D, EV 97.5 MPH), Distance : 397 ft
|
|
Batting: RHB Alex Campos
|
0-0: Called Strike 0-1: Ball 1-1: Ball 2-1: Called Strike 2-2: Foul Ball, location: 2F 2-2: Strikes out swinging
|
|
Batting: RHB Tetsuro Sato
|
0-0: Ball 1-0: Called Strike 1-1: Ball 2-1: Fly out, F9 (Flyball, 9, EV 87.5 MPH)
|
| Top of the 8th over - 1 run, 1 hit, 0 errors, 0 left on base; Rome 4 - Williamsport 6 |
| BOTTOM OF THE 8TH |
|
Williamsport Crosscutters batting - Pitching for Rome Braves : RHP Seriozha Darzinsh
|
|
Batting: RHB Salvador Avina
|
0-0: Foul Ball, location: 2F 0-1: DOUBLE (Line Drive, 89XD, EV 101.9 MPH)
|
|
Batting: RHB Jason Ostrom
|
0-0: Sac Bunt to 25 - play at first, batter safe! Salvador Avina to third
|
|
Batting: SHB Art Kent
|
0-0: Ball 1-0: Ball 2-0: 3-RUN HOME RUN (Flyball, 9LD, EV 95.0 MPH), Distance : 363 ft
|
|
Pitching: RHP Marvin Rosas
|
|
|
Batting: RHB John Manocchio
|
0-0: Called Strike 0-1: Called Strike 0-2: Strikes out swinging
|
|
Batting: RHB John Parra
|
0-0: Called Strike 0-1: Ball 1-1: Ball 2-1: Ball 3-1: Swinging Strike 3-2: Foul Ball, location: 2F 3-2: TRIPLE (Flyball, 8RXD, EV 89.4 MPH)
|
|
Batting: RHB Shintaro Katsumata
|
0-0: Fly out, F7 (Line Drive, 7, EV 90.0 MPH)
|
|
Batting: LHB Chris Moody
|
0-0: Foul Ball, location: 2F 0-1: Foul Ball, location: 2F 0-2: Ball 1-2: Strikes out looking
|
| Bottom of the 8th over - 3 runs, 4 hits, 0 errors, 1 left on base; Rome 4 - Williamsport 9 |
| TOP OF THE 9TH |
|
Rome Braves batting - Pitching for Williamsport Crosscutters : RHP David Deon
|
|
Batting: RHB Mike Bergin
|
0-0: Foul Ball, location: 2F 0-1: Swinging Strike 0-2: Ball 1-2: Foul Ball, location: 2F 1-2: Ball 2-2: Ball 3-2: Strikes out swinging
|
|
Pitching: LHP Justin Thornton
|
|
|
Batting: RHB Gabe Allen
|
0-0: Foul Ball, location: 2F 0-1: Swinging Strike 0-2: Strikes out swinging
|
|
Batting: RHB Rafael Reyes
|
0-0: Ball 1-0: Foul Ball, location: 2F 1-1: Foul Ball, location: 2F 1-2: Foul Ball, location: 2F 1-2: Ground out 3-1 (Groundball, 34, EV 103.1 MPH)
|
| Top of the 9th over - 0 runs, 0 hits, 0 errors, 0 left on base; Rome 4 - Williamsport 9 |
|